 Dungeon Crawl Stone Soup version 0.21.0-3-g78d12a8 (webtiles) character file.

30000 asthiss the Fighter (level 13, -8/183 HPs)
             Began as a Minotaur Fighter on Jan 14, 2018.
             Was a High Priest of Trog.
             Shot with a bolt by an orc warrior (9 damage)
             ... on level 2 of the Orcish Mines on Jan 15, 2018.
             The game lasted 00:58:20 (13920 turns).

asthiss the Fighter (Minotaur Fighter)             Turns: 13920, Time: 00:58:20

Health: -8/183     AC: 17    Str: 36    XL:     13   Next: 18%
Magic:  10/10      EV: 14    Int:  5    God:    Trog [*****.]
Gold:   606        SH: 14    Dex: 18    Spells: 12/12 levels left

rFire    . . .     SeeInvis +   a - +8 long sword (vamp)
rCold    + . .     Gourm    .   c - +0 shield
rNeg     + . .     Faith    .   C - +0 plate armour of Pacox {rC+ rN+ Dex+2 Stlth+}
rPois    .         Spirit   .   O - +0 hat {SInv}
rElec    .         Reflect  .   (no cloak)
rCorr    .         Harm     .   z - +0 pair of gloves
MR       .....                  (no boots)
Stlth    ..........             E - amulet "Suptybiwk" {RegenMP Dex+4}
HPRegen  0.40/turn              j - +5 ring of evasion
MPRegen  0.37/turn              m - +5 ring of strength

@: berserking (expiring), very quick
A: retaliatory headbutt, horns 2, repulsion field 1, thin skeletal structure 1,
low mp 1
a: Berserk, Trog's Hand, Brothers in Arms, Burn Spellbooks, Renounce Religion


You were on level 2 of the Orcish Mines.
You worshipped Trog.
Trog was extremely pleased with you.
You were not hungry.

You visited 3 branches of the dungeon, and saw 15 of its levels.
You visited 1 bazaar.
You also visited: Ossuary.

You collected 1136 gold pieces.
You spent 530 gold pieces at shops.

Inventory:

Hand Weapons
 a - a +8 vampiric long sword (weapon)
 J - a +3 rapier of draining
 L - a +1 falchion of electrocution
Armour
 c - a +0 shield (worn)
 z - a +0 pair of gloves (worn)
 C - the +0 plate armour of Pacox (worn) {rC+ rN+ Dex+2 Stlth+}
   (You bought it in a shop in a bazaar)

   It affects your dexterity (+2).
   It protects you from cold.
   It protects you from negative energy.
   It makes you more stealthy.
 O - a +0 hat of see invisible (worn)
Jewellery
 j - a +5 ring of evasion (left hand)
 m - a +5 ring of strength (right hand)
 w - an uncursed ring of see invisible
 y - an uncursed ring of stealth
 B - an uncursed ring of positive energy
 E - the amulet "Suptybiwk" (around neck) {RegenMP Dex+4}
   (You took it off a tengu warrior on level 12 of the Dungeon)

   [amulet of magic regeneration]

   It increases your magic regeneration.
   It affects your dexterity (+4).
Wands
 d - a wand of flame (72)
 e - a wand of random effects (38)
 l - a wand of disintegration (6)
 n - a wand of digging (28)
 q - a wand of acid (22)
 r - a wand of iceblast (22)
 v - a wand of scattershot (5)
 A - a wand of polymorph (19)
 M - a wand of enslavement (18)
Scrolls
 h - 7 scrolls of remove curse
 i - a scroll of identify
 k - 4 scrolls of teleportation
 t - 2 scrolls of fog
 F - a scroll of magic mapping
Potions
 g - 4 potions of brilliance
 o - a potion of curing
 s - a potion of resistance
Miscellaneous
 D - a crystal ball of energy
 I - a phantom mirror
Comestibles
 b - 6 chunks of flesh
 f - 16 rations


   Skills:
 + Level 13.1 Fighting
 + Level 12.9 Long Blades
 + Level 10.4 Throwing
 + Level 13.1 Armour
 - Level 9.5 Shields


You had 12 spell levels left.
You didn't know any spells.

Dungeon Overview and Level Annotations

Branches:
Dungeon (12/15)            Temple (1/1) D:5            Lair (0/6) D:10
    Orc (2/2) D:12
    Elf: Orc:2

Altars:
Elyvilon
Fedhas
Hepliaklqana
Makhleb
Okawaru
Qazlal
Ru
Trog
Vehumet
Xom
Zin
The Shining One

Shops:
D:9 :   Orc:1 (


Innate Abilities, Weirdness & Mutations

You reflexively headbutt those who attack you in melee.
You have a pair of horns on your head.
You are surrounded by a mild repulsion field. (EV +2)
You have a somewhat thin skeletal structure. (Dex +2, Stealth)
Your magical capacity is low. (-10% MP)


Message History

The orc warrior shoots a bolt.
The bolt hits you.
* * * LOW HITPOINT WARNING * * *
The centaur warrior unwields an uncursed shortbow.
The centaur warrior barely misses you. You furiously retaliate!
You headbutt the centaur warrior!
You riposte.
Your plate armour of Pacox prevents you from hitting the centaur warrior.
The centaur warrior is lightly wounded.
You block the orc warrior's attack.
The orc shoots a bolt.
You block the bolt.
You hear a shout!
Items here: ( )))) †† You hit the centaur warrior.
The centaur warrior is moderately wounded.
You block the orc's attack.
The orc unwields an uncursed arbalest.
The orc wields an uncursed mace.
You block the orc's attack.
You barely miss the centaur warrior. You headbutt the centaur warrior!!
The centaur warrior is heavily wounded.
The centaur warrior hits you.
* * * LOW HITPOINT WARNING * * *
The orc warrior shoots a bolt.
The bolt hits you!
You die...

#≈≈≈≈o...
###≈≈≈≈o.((. ≈
##≈≈≈≈..o(... .≈≈
#≈≈§..o...... ..≈≈
#≈§.§..o...
#..o###..o##.o##..#
........§o§(.......
......oo)o§§.......
###..c@)##########
#....)(.# ##...)(##
##...(.# ###..(##
##....## #....##
###..### . ##...###


You could see a centaur warrior, 2 orc warriors and 4 orcs.

Vanquished Creatures
  An orc warlord (Orc:1)
  Snorg (D:12)
  A slime creature (D:12)
  2 hydras (D:12)
  7 two-headed ogres
  A tengu warrior (D:12)
  2 unseen horrors (D:12)
  Pikel (D:7)
  2 orc knights
  A manticore (D:12)
  2 deep elf magi (Orc:1)
  2 ugly things
  A cyclops (D:12)
  2 guardian serpents (D:11)
  Psyche (D:11)
  2 centaur skeletons
  3 gargoyles
  A tengu conjurer (D:12)
  8 trolls
  A hornet (D:8)
  A wyvern (D:9)
  A vampire (D:12)
  15 yaks
  2 hungry ghosts (D:12)
  2 vampire mosquitoes (D:12)
  3 water moccasins
  Duvessa (D:7)
  A swamp drake (Orc:1)
  4 sky beasts
  24 orc warriors
  3 ice beasts
  4 centaurs
  5 ogres
  2 phantoms
  3 crocodiles (D:8)
  Blork the orc (Orc:1)
  A big kobold (D:9)
  6 bullfrogs
  Dowan (D:7)
  A gnoll sergeant (D:11)
  2 water moccasin zombies
  A wyvern skeleton (D:9)
  2 scorpions
  2 howler monkeys
  15 wights
  2 electric eels (D:10)
  2 centaur zombies
  2 crimson imps
  4 bullfrog zombies
  5 hounds
  A gnoll shaman (D:9)
  18 orc priests
  4 jellies
  2 bullfrog skeletons
  An iron imp (Orc:1)
  4 iguanas
  22 orc wizards
  8 worker ants
  2 big kobold zombies (Ossuary)
  A hound zombie (D:10)
  3 hound skeletons
  2 mummies (Ossuary)
  A howler monkey zombie (D:6)
  2 worker ant zombies
  11 gnolls
  A howler monkey skeleton (D:8)
  20 adders
  4 shadow imps
  A white imp (Orc:1)
  3 adder skeletons
  5 adder zombies (Ossuary)
  3 worms
  2 dart slugs
  6 leopard geckos
  88 orcs
  3 ball pythons
  7 bats
  7 giant cockroaches
  3 gnoll zombies (Ossuary)
  6 goblins
  5 hobgoblins
  7 jackals
  2 quokkas
  3 frilled lizards
  3 hobgoblin zombies (Ossuary)
  5 kobolds
  A kobold zombie (Ossuary)
  5 orc zombies (Ossuary)
  A quokka skeleton (D:6)
  8 rats
441 creatures vanquished.

Vanquished Creatures (collateral kills)
  An ogre (Orc:1)
  An orc (Orc:1)
2 creatures vanquished.

Vanquished Creatures (others)
  A slave (D:10)
  A sky beast (D:9)
  An ogre (D:9)
  A bullfrog (D:10)
  An orc (D:10)
  A quokka (D:6)
6 creatures vanquished.

Grand Total: 449 creatures vanquished

Notes
Turn   | Place    | Note
-------+----------+-------------------------------------------
     0 | D:1      | asthiss the Minotaur Fighter began the quest for the Orb.
     0 | D:1      | Reached XP level 1. HP: 19/19 MP: 0/0
   566 | D:1      | Reached XP level 2. HP: 20/27 MP: 1/1
   850 | D:2      | Reached XP level 3. HP: 29/33 MP: 2/2
  1665 | D:3      | Reached XP level 4. HP: 41/41 MP: 3/3
  1775 | D:3      | Reached XP level 5. HP: 37/47 MP: 4/4
  2158 | D:3      | Found a sacrificial altar of Ru.
  2515 | D:4      | Reached skill level 5 in Fighting
  2692 | D:4      | Reached skill level 5 in Armour
  2692 | D:4      | Reached skill level 5 in Shields
  2754 | D:4      | Reached XP level 6. HP: 46/56 MP: 5/5
  2821 | D:4      | Reached skill level 1 in Throwing
  3230 | D:5      | Entered Level 5 of the Dungeon
  3486 | D:5      | Found a sand-covered staircase.
  3492 | Ossuary  | Entered an ossuary
  3588 | Ossuary  | Reached XP level 7. HP: 52/61 MP: 6/6
  3619 | Ossuary  | Reached skill level 5 in Long Blades
  3677 | D:5      | Gained mutation: You are surrounded by a mild repulsion field. (EV +2) [potion of mutation]
  3677 | D:5      | Gained mutation: Your magical capacity is low. (-10% MP) [potion of mutation]
  3677 | D:5      | Gained mutation: You have a somewhat thin skeletal structure. (Dex +2, Stealth) [potion of mutation]
  4073 | D:5      | Found a staircase to the Ecumenical Temple.
  4126 | Temple   | Entered the Ecumenical Temple
  4130 | Temple   | Became a worshipper of Trog the Wrathful
  4455 | D:6      | Found a stormy altar of Qazlal.
  4455 | D:6      | Found a glowing silver altar of Zin.
  4456 | D:6      | Found a glowing golden altar of the Shining One.
  4768 | D:6      | Reached XP level 8. HP: 71/71 MP: 6/6
  4783 | D:6      | Reached * piety under Trog
  5343 | D:6      | Found a white marble altar of Elyvilon.
  5610 | D:6      | Found a radiant altar of Vehumet.
  6060 | D:7      | Noticed Duvessa
  6060 | D:7      | Noticed Dowan
  6068 | D:7      | Killed Duvessa
  6083 | D:7      | Killed Dowan
  6129 | D:7      | Noticed Pikel
  6147 | D:7      | Killed Pikel
  6147 | D:7      | Reached XP level 9. HP: 76/80 MP: 7/7
  6646 | D:8      | Reached ** piety under Trog
  6706 | D:8      | Noticed a two-headed ogre
  6713 | D:8      | Killed a two-headed ogre
  6713 | D:8      | Reached skill level 5 in Throwing
  7259 | D:8      | Noticed a gargoyle
  7276 | D:8      | Killed a gargoyle
  7339 | D:8      | Reached XP level 10. HP: 60/90 MP: 8/8
  7867 | D:8      | Noticed a two-headed ogre
  7876 | D:8      | Killed a two-headed ogre
  8568 | D:9      | Reached *** piety under Trog
  8596 | D:9      | Found a shimmering altar of Xom.
  8690 | D:9      | Found Keammuigusk's Book Boutique.
  9111 | D:9      | Received a gift from Trog
  9289 | D:10     | Entered Level 10 of the Dungeon
  9324 | D:10     | Noticed a two-headed ogre
  9330 | D:10     | Killed a two-headed ogre
  9345 | D:10     | Found a staircase to the Lair.
  9357 | D:10     | Noticed a two-headed ogre
  9362 | D:10     | Reached skill level 10 in Fighting
  9367 | D:10     | Reached skill level 10 in Armour
  9369 | D:10     | Reached XP level 11. HP: 93/99 MP: 8/8
  9381 | D:10     | Killed a two-headed ogre
  9392 | D:10     | Reached skill level 10 in Long Blades
  9696 | D:10     | Reached **** piety under Trog
  9817 | D:10     | Found an iron altar of Okawaru.
 10276 | D:10     | Received a gift from Trog
 10676 | D:11     | Noticed a purple ugly thing
 10684 | D:11     | Killed a purple ugly thing
 10704 | D:11     | Noticed a two-headed ogre
 10713 | D:11     | Killed a two-headed ogre
 11051 | D:11     | Received a gift from Trog
 11071 | D:11     | Noticed a two-headed ogre
 11077 | D:11     | Killed a two-headed ogre
 11093 | D:11     | Noticed Psyche
 11100 | D:11     | Killed Psyche
 11789 | D:12     | Noticed a two-headed ogre
 11797 | D:12     | Killed a two-headed ogre
 11797 | D:12     | Reached XP level 12. HP: 110/110 MP: 9/9
 11822 | D:12     | Found a staircase to the Orcish Mines.
 12002 | D:12     | Received a gift from Trog
 12025 | D:12     | Noticed a tengu warrior
 12036 | D:12     | Killed a tengu warrior
 12038 | D:12     | Got a glittering golden amulet
 12062 | D:12     | Noticed an eight-headed hydra
 12069 | D:12     | Identified the amulet "Suptybiwk" {RegenMP Dex+4} (You took it off a tengu warrior on level 12 of the Dungeon)
 12127 | D:12     | Noticed a five-headed hydra
 12140 | D:12     | Killed an 11-headed hydra
 12465 | D:12     | Found a flickering gateway to a bazaar.
 12482 | Bazaar   | Entered a bazaar
 12499 | Bazaar   | Found Lekiq's Gadget Emporium.
 12514 | Bazaar   | Found Sacathob's General Store.
 12514 | Bazaar   | Found Hyarphoeg's Book Emporium.
 12524 | Bazaar   | Bought the +0 plate armour of Pacox {rC+ rN+ Dex+2 Stlth+} for 530 gold pieces
 12581 | Bazaar   | Found Gomowk's Antique Weapon Emporium.
 12619 | D:12     | Noticed Snorg
 12644 | D:12     | Killed Snorg
 12854 | D:12     | Reached skill level 10 in Throwing
 12900 | D:12     | Killed a 16-headed hydra
 13075 | Orc:1    | Entered Level 1 of the Orcish Mines
 13127 | Orc:1    | Noticed an orc warlord
 13129 | Orc:1    | Received a gift from Trog
 13138 | Orc:1    | Killed an orc warlord
 13268 | Orc:1    | Reached ***** piety under Trog
 13269 | Orc:1    | Found Cuschiar's Weapon Shoppe.
 13276 | Orc:1    | Reached XP level 13. HP: 111/119 MP: 10/10
 13462 | Orc:1    | Noticed Blork the orc
 13473 | Orc:1    | Killed Blork the orc
 13538 | Orc:1    | Received a gift from Trog
 13779 | Orc:2    | Entered Level 2 of the Orcish Mines
 13809 | Orc:2    | Received a gift from Trog
 13908 | Orc:2    | HP: 17/183 [orc warrior/glaive (7)]
 13917 | Orc:2    | HP: 10/183 [centaur warrior/arrow (9)]
 13920 | Orc:2    | HP: 1/183 [centaur warrior (6)]
 13920 | Orc:2    | Shot with a bolt by an orc warrior

Skill      XL: |  1  2  3  4  5  6  7  8  9 10 11 12 13 |
---------------+----------------------------------------+-----
Fighting       | 4 5 6 7 8 10 11 12 13 | 13.1
Shields        | 4 5 6 7 8 9 |  9.5
Armour         | 4 5 6 7 8 10 11 12 13 | 13.1
Long Blades    | 3 4 5 7 8 9 11 12 | 12.9
Throwing       | 1 3 4 5 7 8 10 | 10.4

Action                   |  1- 3 |  4- 6 |  7- 9 | 10-12 | 13-15 || total
-------------------------+-------+-------+-------+-------+-------++-------
Melee: Long sword        |    56 |   181 |   234 |   515 |    99 ||  1085
       Headbutt          |     7 |    42 |    82 |   167 |    29 ||   327
Throw: Tomahawk          |       |    25 |    55 |    29 |    21 ||   130
       Javelin           |       |       |       |    12 |     1 ||    13
Invok: Berserk           |       |       |       |    11 |     1 ||    12
       Burn Spellbooks   |       |       |       |     1 |     2 ||     3
       Brothers in Arms  |       |       |       |     2 |       ||     2
       Trog's Hand       |       |       |       |       |     1 ||     1
  Use: Scroll            |     7 |     4 |     5 |    15 |     5 ||    36
       Potion            |     4 |     1 |     9 |    10 |     1 ||    25
 Stab: Paralysed         |       |     3 |       |       |       ||     3
       Distracted        |       |       |       |     1 |       ||     1
  Eat: Chunk             |     2 |     5 |     4 |    11 |     1 ||    23
       Ration            |       |     1 |     2 |     6 |     1 ||    10
Armor: Scale mail        |    31 |    55 |    28 |       |       ||   114
       Ring mail         |       |       |     5 |    63 |       ||    68
       Leather armour    |       |       |     1 |       |       ||     1
       Plate armour      |       |       |       |    31 |    19 ||    50
Dodge: Dodged            |    24 |    75 |    98 |   205 |    41 ||   443
Block: Shield            |    34 |    87 |   113 |   286 |    67 ||   587
       Rpst.: Long sword |     4 |    22 |    21 |    39 |     7 ||    93
